 Dungeon Sprint DCSS version 0.29-a0-320-g9f8742066b (webtiles) character file.

Game seed: 8760729899415586323

26723 mhtbhm the Bludgeoner (level 13, -3/145 HPs)
             Began as a Gargoyle Fighter on Apr 2, 2022.
             Was the Champion of Okawaru.
             Slain by Kirke (5 damage)
             ... in the Dungeon (Sprint IX: "|||||||||||||||||||||||||||||").
             The game lasted 00:08:40 (5584 turns).

mhtbhm the Bludgeoner (Gargoyle Fighter)            Turns: 5584, Time: 00:08:41

Health: -3/145     AC:  0    Str: 25    XL:     13   Next: 27%
Magic:  25/25      EV: 15    Int:  9    God:    Okawaru [******]
Gold:   867        SH:  0    Dex:  9    Spells: 9/12 levels left

rFire   . . .      SeeInvis .   (weapon currently unavailable)
rCold   . . .      Faith    .   (shield currently unavailable)
rNeg    + . .      Spirit   .   (body armour currently unavailable)
rPois   ∞          Reflect  .   (helmet currently unavailable)
rElec   .          Harm     .   (cloak currently unavailable)
rCorr   .          Rampage  .   (gloves currently unavailable)
Will    .....      NoTele   +   (boots currently unavailable)
Stlth   ..........              (no amulet)
HPRegen 0.34/turn               (ring currently unavailable)
MPRegen 0.19/turn               (ring currently unavailable)

@: berserking, pig-form, very quick
A: fast, no casting, sickness immunity, AC +9, small, negative energy resistance
1, (electricity resistance), torment resistance 1, petrification resistance
a: Renounce Religion, Heroism, Finesse


You were in the Dungeon.
You worshipped Okawaru.
Okawaru was exalted by your worship.
You were a filthy swine.
You visited 1 branch You collected 1901 gold pieces.
You spent 1034 gold pieces at shops.

Inventory:

Hand Weapons
 a - a +1 morningstar of protection (melded)
 n - the +10 arbalest of Regicide {freeze, SInv}
   (You bought it in a shop in the Dungeon)

   Any ammunition fired from it freezes those it strikes, dealing additional
   cold damage.
   It can also slow down cold-blooded creatures.
   SInv:      It lets you see invisible.
 p - the +6 dire flail "Grim" {holy, rPois Int-3 Dex-5 SInv}
   (Okawaru gifted it to you in the Dungeon)

   It has been blessed by the Shining One to cause great damage to the undead
   and demons.
   Int:       It affects your intelligence (-3).
   Dex:       It affects your dexterity (-5).
   rPois:     It protects you from poison.
   SInv:      It lets you see invisible.
Missiles
 q - 13 poisoned darts
 x - 2 javelins
Armour
 b - a +3 plate armour of fire resistance (melded)
 c - a +0 buckler (melded)
 o - the +0 hat "Cioffuro" (melded) {rC++}
   (Okawaru gifted it to you in the Dungeon)

   rC:        It greatly protects you from cold.
 s - the +0 pair of gloves of Amorality (melded) {rElec}
   (You bought it in a shop in the Dungeon)

   rElec:     It insulates you from electricity.
 z - a +0 pair of boots (melded)
 A - a +0 cloak (melded)
 C - a +1 hat of see invisible
Jewellery
 y - a +4 ring of protection (melded)
 D - a +6 ring of dexterity (melded)
Wands
 m - a wand of iceblast (10)
 B - a wand of flame (9)
Scrolls
 j - 3 scrolls of blinking
 l - 2 scrolls of amnesia
 u - 4 scrolls of enchant armour
 v - 5 scrolls of enchant weapon
 w - 2 scrolls of identify
Potions
 d - a potion of might
 e - 6 potions of curing
 f - 5 potions of heal wounds
 g - a potion of haste
 h - 4 potions of magic
 i - a potion of berserk rage
 k - a potion of invisibility
 r - 2 potions of mutation
 G - a potion of brilliance
Miscellaneous
 t - a piece from Xom's chessboard (14/15)


   Skills:
 + Level 18.3 Fighting
 + Level 20.0 Maces & Flails
 + Level 2.9 Throwing
 + Level 16.5 Armour
 + Level 4.2 Dodging
 + Level 2.1 Stealth
 + Level 9.1 Shields
 * Level 16.3 Invocations


You had 9 spell levels left.
You knew the following spells:

 Your Spells              Type           Power      Damage    Failure   Level
a - Mephitic Cloud        Conj/Pois/Air  0%         N/A       77%         3

Your spell library contained the following spells:

 Spells                   Type           Power      Damage    Failure   Level
 Sandblast                Erth           0%         2d4       38%         1
 Passwall                 Tmut/Erth      0%         N/A       52%         2
 Ignite Poison            Fire/Tmut/Pois 0%         N/A       77%         3
 Stone Arrow              Conj/Erth      0%         3d7       77%         3
 Passage of Golubria      Tloc           0%         N/A       99%         4
 Freezing Cloud           Conj/Ice/Air   0%         6-21      100%        5
 Yara's Violent Unravell  Hex/Tmut       0%         3d3       100%        5
 Tukima's Dance           Hex            Unusable   N/A       N/A         3

Dungeon Overview and Level Annotations

Branches:
Dungeon (1/1)

Altars:
Cheibriados
Dithmenos
Elyvilon
Fedhas
Gozag
Hepliaklqana
Kikubaaqudgha
Makhleb
Nemelex Xobeh
Okawaru
Qazlal
Ru
Sif Muna
Trog
Uskayaw
Vehumet
Wu Jian
Xom
Yredelemnul
Zin
The Shining One
Beogh
Jiyva
Lugonu

Shops:
D (:([

Annotations:
D Kirke


Innate Abilities, Weirdness & Mutations

You are a filthy swine.
You move quickly.
Your equipment is almost entirely melded.
You are incapable of wielding weapons or throwing items.
You cannot cast spells.
You are immune to sickness and miasma.
((Your stone body is resilient. (AC +9)))
You are immune to poison.
You resist negative energy. (rN+)
((You are resistant to electric shocks. (rElec)))
You are resistant to unholy torment.
You are immune to petrification.


Message History

You struggle to resist.
The sphinx mumbles some strange words.
You struggle to resist.
Something hits you!
* * * LOW HITPOINT WARNING * * *
Unknown command.
A red film seems to cover your vision as you go berserk!
You feel yourself moving faster!
You feel mighty! The sphinx misses you. The sphinx hits you.
* * * LOW HITPOINT WARNING * * *
The sphinx hits you.
* * * LOW HITPOINT WARNING * * *
Something hits you.
* * * LOW HITPOINT WARNING * * *
You barely miss something.
Unknown command.
You bite something! The sphinx closely misses you. The sphinx hits you.
* * * LOW HITPOINT WARNING * * *
The sphinx hits you.
* * * LOW HITPOINT WARNING * * *
Unknown command.
You completely miss something.
You hear some strange, mumbled words.
You feel a momentary urge to oink.
Unknown command.
You maul something!!
The sphinx hits you!
* * * LOW HITPOINT WARNING * * *
The sphinx hits you!
* * * LOW HITPOINT WARNING * * *
The sphinx hits you!
* * * LOW HITPOINT WARNING * * *
You bite something!
The hog stops glowing.
Something hits you.
* * * LOW HITPOINT WARNING * * *
Unknown command.
Unknown command.
You barely miss something.
The sphinx mumbles some strange words.
You struggle to resist.
Unknown command.
You closely miss something. Something hits you.
You die...

▓.▓.▓)▓.▓.▓.▓.▓
▓.▓.▓.▓.▓.▓'▓.▓.▓
▓.▓.▓.▓.▓.▓.▓.▓.▓
▓h▓.▓.▓.▓.▓.▓.▓†▓
▓h▓.▓.▓.▓.▓.▓.▓.▓
▓h▓'▓.▓'▓.▓[▓.▓)▓
▓h▓.▓.▓.▓.▓.▓.▓.▓
▓{▓.▓.▓.▓.▓[▓.▓.▓
▓h▓.▓.▓.▓.▓.▓.▓.▓
▓H▓.▓.▓.▓.▓.▓.▓.▓
▓.▓.▓.▓.▓.▓'▓.▓.▓
▓.▓.▓.▓.▓.▓.▓.▓.▓
▓.▓.▓.▓.▓.▓.▓.▓'▓
▓.▓.▓.▓.▓.▓.▓.▓.▓
▓...▓...▓)..▓...▓
▓▓▓▓▓▓▓▓▓▓▓▓▓▓▓▓▓


You could see a sphinx (summoned) and 4 hogs.

Vanquished Creatures
  Gastronok (D)
  A fire giant (D)
  A frost giant (D)
  3 stone giants (D)
  A vampire knight (D)
  3 dire elephants (D)
  A boulder beetle (D)
  An ogre mage (D)
  2 centaur warriors (D)
  7 orc high priests (D)
  3 orc knights (D)
  A deep elf pyromancer (D)
  A manticore (D)
  3 ugly things (D)
  8 elephants (D)
  A black mamba (D)
  3 cane toads (D)
  Joseph (D)
  2 komodo dragons (D)
  A tengu conjurer (D)
  An efreet (D)
  2 blink frogs (D)
  A wraith (D)
  A yak (D)
  2 hogs (D)
  Eustachio (D)
  A vampire mosquito (D)
  An acid dragon (D)
  4 water moccasins (D)
  9 orc warriors (D)
  A centaur (D)
  2 kobold brigands (D)
  2 bullfrogs (D)
  2 scorpions (D)
  A wight (D)
  A howler monkey (D)
  9 orc priests (D)
  A hound (D)
  5 orc wizards (D)
  A shadow imp (D)
  7 orcs (D)
  A giant cockroach (D)
  A hobgoblin (D)
  A ball python (D)
  A frilled lizard (D)
  A rat (D)
105 creatures vanquished.

Vanquished Creatures (others)
  A fire giant (D)
1 creature vanquished.

Grand Total: 106 creatures vanquished

Notes
Turn   | Place    | Note
-------+----------+-------------------------------------------
     0 | D        | mhtbhm the Gargoyle Fighter began the quest for the Orb.
     0 | D        | Reached XP level 1. HP: 14/14 MP: 1/1
    66 | D        | Noticed a scorpion
    66 | D        | Noticed a scorpion
    66 | D        | Noticed a hound
    74 | D        | Reached XP level 2. HP: 15/20 MP: 2/2
    92 | D        | Killed a scorpion
    93 | D        | Reached skill level 5 in Fighting
    93 | D        | Reached skill level 4 in Maces & Flails
    93 | D        | Reached skill level 5 in Armour
    93 | D        | Reached skill level 5 in Shields
    93 | D        | Reached XP level 3. HP: 6/26 MP: 3/3
    93 | D        | Reached XP level 4. HP: 8/31 MP: 4/4
   102 | D        | Killed a scorpion
   103 | D        | Reached XP level 5. HP: 7/36 MP: 5/5
   112 | D        | Reached skill level 5 in Maces & Flails
   209 | D        | Found a snail-covered altar of Cheibriados.
   209 | D        | Found a shadowy altar of Dithmenos.
   209 | D        | Found a white marble altar of Elyvilon.
   209 | D        | Found a blossoming altar of Fedhas.
   209 | D        | Found an opulent altar of Gozag.
   210 | D        | Found a hazy altar of Hepliaklqana.
   211 | D        | Found a viscous altar of Jiyva.
   212 | D        | Found an ancient bone altar of Kikubaaqudgha.
   213 | D        | Found a corrupted altar of Lugonu.
   214 | D        | Found a burning altar of Makhleb.
   215 | D        | Found a sparkling altar of Nemelex Xobeh.
   216 | D        | Found an iron altar of Okawaru.
   217 | D        | Found a stormy altar of Qazlal.
   218 | D        | Found a sacrificial altar of Ru.
   219 | D        | Found a shimmering blue altar of Sif Muna.
   220 | D        | Found a bloodstained altar of Trog.
   221 | D        | Found a hide-covered altar of Uskayaw.
   222 | D        | Found a radiant altar of Vehumet.
   223 | D        | Found an ornate altar of the Wu Jian Council.
   224 | D        | Became a worshipper of Warmaster Okawaru
   225 | D        | Found a shimmering altar of Xom.
   226 | D        | Found a basalt altar of Yredelemnul.
   227 | D        | Found a glowing silver altar of Zin.
   228 | D        | Found a glowing golden altar of the Shining One.
   394 | D        | Noticed a kobold brigand
   394 | D        | Noticed a kobold brigand
   409 | D        | Killed a kobold brigand
   410 | D        | Reached skill level 6 in Maces & Flails
   410 | D        | Reached XP level 6. HP: 40/42 MP: 5/7
   431 | D        | Reached skill level 7 in Maces & Flails
   431 | D        | Reached skill level 1 in Dodging
   437 | D        | Reached * piety under Okawaru
   450 | D        | Reached XP level 7. HP: 46/48 MP: 10/10
   468 | D        | Noticed a wraith
   468 | D        | Noticed a centaur warrior
   468 | D        | Noticed a centaur warrior
   468 | D        | Noticed a tengu conjurer
   475 | D        | Killed a wraith
   476 | D        | Reached skill level 8 in Maces & Flails
   476 | D        | Reached skill level 5 in Invocations
   480 | D        | Reached skill level 9 in Maces & Flails
   484 | D        | Killed a centaur warrior
   484 | D        | Reached ** piety under Okawaru
   485 | D        | Reached skill level 11 in Maces & Flails
   485 | D        | Reached XP level 8. HP: 44/56 MP: 10/13
   492 | D        | Killed a centaur warrior
   492 | D        | Reached *** piety under Okawaru
   493 | D        | Reached skill level 12 in Maces & Flails
   493 | D        | Reached XP level 9. HP: 42/62 MP: 11/15
   496 | D        | Killed a tengu conjurer
   497 | D        | Reached skill level 10 in Fighting
   497 | D        | Reached skill level 13 in Maces & Flails
   642 | D        | Noticed a komodo dragon
   642 | D        | Noticed a komodo dragon
   642 | D        | Noticed a cane toad
   643 | D        | Noticed a cane toad
   649 | D        | Killed a komodo dragon
   649 | D        | Reached **** piety under Okawaru
   656 | D        | Killed a komodo dragon
   657 | D        | Reached skill level 14 in Maces & Flails
   657 | D        | Reached skill level 1 in Throwing
   675 | D        | Killed a cane toad
   676 | D        | Reached skill level 10 in Armour
   680 | D        | Noticed an elephant
   684 | D        | Killed a cane toad
   684 | D        | Reached ***** piety under Okawaru
   685 | D        | Reached skill level 10 in Invocations
   685 | D        | Reached XP level 10. HP: 23/69 MP: 17/17
   700 | D        | Killed an elephant
   701 | D        | Reached skill level 15 in Maces & Flails
   718 | D        | Received a gift from Okawaru
   902 | D        | Noticed an elephant
   902 | D        | Noticed an elephant
   906 | D        | Noticed a cane toad
   909 | D        | Noticed a black mamba
   918 | D        | Killed an elephant
   928 | D        | Killed an elephant
   933 | D        | Reached skill level 16 in Maces & Flails
   938 | D        | Killed a cane toad
   947 | D        | Killed a black mamba
  1117 | D        | Noticed an elephant
  1117 | D        | Noticed an elephant
  1117 | D        | Noticed a dire elephant
  1117 | D        | Noticed an elephant
  1117 | D        | Noticed a dire elephant
  1117 | D        | Noticed an elephant
  1118 | D        | Noticed a dire elephant
  1126 | D        | Killed an elephant
  1397 | D        | Killed an elephant
  1398 | D        | Reached XP level 11. HP: 55/77 MP: 19/19
  1612 | D        | Killed a dire elephant
  1632 | D        | Killed a dire elephant
  1633 | D        | Reached skill level 17 in Maces & Flails
  1648 | D        | Killed a dire elephant
  1648 | D        | Received a gift from Okawaru
  2114 | D        | Noticed a stone giant
  2131 | D        | Killed a stone giant
  2131 | D        | Received a gift from Okawaru
  2251 | D        | Noticed an orc knight
  2253 | D        | Noticed an orc knight
  2258 | D        | Killed an orc knight
  2260 | D        | Noticed an orc knight
  2265 | D        | Reached skill level 15 in Fighting
  2463 | D        | Killed an orc knight
  2705 | D        | Killed an orc knight
  2705 | D        | Reached ****** piety under Okawaru
  2706 | D        | Reached skill level 18 in Maces & Flails
  2804 | D        | Noticed an orc high priest
  2811 | D        | Noticed a soul eater
  2825 | D        | Killed an orc high priest
  2826 | D        | Reached XP level 12. HP: 43/88 MP: 22/22
  3017 | D        | Found Qunianuo's Antique Weapon Emporium.
  3017 | D        | Noticed an orc high priest
  3017 | D        | Noticed an orc high priest
  3031 | D        | Found Leatosudghu's Book Shoppe.
  3039 | D        | Noticed an orc high priest
  3153 | D        | Killed an orc high priest
  3446 | D        | Noticed a soul eater
  3448 | D        | Killed an orc high priest
  3574 | D        | Noticed an orc high priest
  3585 | D        | Killed an orc high priest
  3585 | D        | Received a gift from Okawaru
  3591 | D        | Killed an orc high priest
  3623 | D        | Found Ikkodolu's Antique Weapon Emporium.
  3627 | D        | Found Rikhleukki's Armour Shoppe.
  3629 | D        | Noticed an orc high priest
  3631 | D        | Noticed an orc high priest
  3648 | D        | Killed an orc high priest
  3666 | D        | Killed an orc high priest
  3667 | D        | Reached skill level 15 in Armour
  3800 | D        | Bought the +0 pair of gloves of Amorality {rElec} for 240
                  | gold pieces
  3821 | D        | Bought a jewelled arbalest for 218 gold pieces
  3821 | D        | Identified the +10 arbalest of Regicide {freeze, SInv} (You
                  | bought it in a shop in the Dungeon)
  3823 | D        | Bought a book of Geomancy for 216 gold pieces
  3823 | D        | Bought Great Wizards, Vol. VII for 360 gold pieces
  3827 | D        | Learned a level 3 spell: Mephitic Cloud
  3947 | D        | Noticed Eustachio
  3966 | D        | Killed Eustachio
  3983 | D        | Noticed Gastronok
  3984 | D        | Noticed Joseph
  3997 | D        | Killed Gastronok
  4004 | D        | Killed Joseph
  4150 | D        | Noticed an ogre mage
  4151 | D        | Noticed a boulder beetle
  4157 | D        | Killed an ogre mage
  4158 | D        | Reached skill level 19 in Maces & Flails
  4158 | D        | Reached skill level 15 in Invocations
  4168 | D        | Noticed a fire giant
  4170 | D        | Noticed a stone giant
  4248 | D        | Identified the +6 dire flail "Grim" {holy, rPois Int-3
                  | Dex-5 SInv} (Okawaru gifted it to you in the Dungeon)
  4248 | D        | Received a gift from Okawaru
  4251 | D        | Noticed a vampire knight
  4252 | D        | Noticed a fire giant
  4261 | D        | Killed a fire giant
  4443 | D        | Paralysed by a vampire knight for 4 turns
  4452 | D        | Killed a vampire knight
  4686 | D        | Killed a stone giant
  4687 | D        | Reached skill level 1 in Stealth
  4687 | D        | Reached XP level 13. HP: 40/96 MP: 24/24
  4940 | D        | Killed a fire giant
  5255 | D        | Noticed a stone giant
  5257 | D        | Noticed a frost giant
  5271 | D        | Killed a stone giant
  5271 | D        | Identified the +0 hat "Cioffuro" {rC++} (Okawaru gifted it
                  | to you in the Dungeon)
  5271 | D        | Received a gift from Okawaru
  5300 | D        | Killed a frost giant
  5301 | D        | Reached skill level 20 in Maces & Flails
  5550 | D        | Noticed Kirke
  5575 | D        | Noticed a sphinx
  5581 | D        | HP: 3/145 [sphinx[Kirke] (11)]
  5582 | D        | HP: 1/145 [something (2)]
  5584 | D        | Slain by Kirke

Illustrated notes

Levels and vault maps discovered:
D:        linesprint [early_d, line_temple, items_1, d_10, items_2, lair_1,
          lair_end, items_3, orc_1, orc_end, items_4, d_15, swamp_1, shoals_1,
          snake_1, spider_1, d_20, vaults_1, items_5, swamp_end, shoals_end,
          snake_end, spider_end, vaults_end, d_27, items_6, zot_1, zot_end,
          crypt_end, forest_end, elf_end, slime_end, tomb_end, abyss_end,
          pan_hell_end]

Skill      XL: |  1  2  3  4  5  6  7  8  9 10 11 12 13 |
---------------+----------------------------------------+-----
Armour         | 4 5 6 7 8 9 10 11 14 16 | 16.5
Shields        | 4 5 6 7 8 9 |  9.1
Fighting       | 5 6 7 9 11 12 15 17 18 | 18.3
Maces & Flails | 4 6 7 11 12 14 16 18 19 20 | 20.0
Invocations    | 2 4 7 8 10 11 13 15 16 | 16.3
Dodging        | 1 2 3 4 |  4.2
Throwing       | 1 2 |  2.9
Stealth        | 1 2 |  2.1

Action                   |  1- 3 |  4- 6 |  7- 9 | 10-12 | 13-15 || total
-------------------------+-------+-------+-------+-------+-------++-------
Melee: Flail             |    44 |    19 |       |       |       ||    63
       Dire flail        |       |    55 |    71 |   376 |       ||   502
       Morningstar       |       |       |       |   132 |    85 ||   217
       Unarmed           |       |       |       |       |    18 ||    18
Throw: Dart              |       |       |     3 |       |       ||     3
       Javelin           |       |       |       |     4 |       ||     4
Evoke: Wand              |       |       |       |     1 |       ||     1
       Piece from Xom's  |       |       |       |       |     1 ||     1
  Use: Potion            |       |       |       |     4 |     3 ||     7
       Scroll            |       |       |       |     3 |       ||     3
Armor: Scale mail        |    22 |     7 |       |       |       ||    29
       Chain mail        |       |    32 |    53 |   183 |       ||   268
       Plate armour      |       |       |       |    36 |    29 ||    65
Dodge: Dodged            |    20 |    25 |    27 |   135 |    13 ||   220
Block: Buckler           |     8 |     6 |       |    15 |    10 ||    39

Table legend: (Time is in decaauts)
 A = Elapsed time spent in this place.
 B = Non-inter-level travel time spent in this place.
 C = Inter-level travel time spent in this place.
 D = Time resting spent in this place.
 E = Time spent auto-exploring this place.
 F = Levels seen in this place.
 G = Mean time per level.
                   A        B        C        D        E       F      G
               +--------+--------+--------+--------+--------+-----+--------+
         Total |   5357 |   5357 |      0 |   1873 |   1444 |   1 | 5357.0 |
       Dungeon |   5357 |   5357 |      0 |   1873 |   1444 |   1 | 5357.0 |
               +--------+--------+--------+--------+--------+-----+--------+

Top non-repeatable levels by time:
       D: 5357 daAuts
